 Dungeon Crawl Stone Soup version 0.29.1-15-g9cfb28693d (webtiles) character file.

Game seed: 6777982361763736000

2 croobank the Firebug (level 1, 0/11 HPs)
             Began as an Octopode Fire Elementalist on Apr 7, 2023.
             Slain by an endoplasm (2 damage)
             ... on level 1 of the Dungeon.
             The game lasted 00:00:30 (40 turns).

croobank the Firebug (Octopode Fire Elementalist)     Turns: 40, Time: 00:00:31

Health: 0/11       AC:  1    Str:  7    XL:     1   Next: 40%
Magic:  0/3        EV: 13    Int: 17    God:
Gold:   0          SH:  0    Dex: 12    Spells: 3/4 levels left

rFire   . . .      SeeInvis .   (no weapon)
rCold   . . .      Faith    .   (no shield)
rNeg    . . .      Spirit   .   (helmet restricted)
rPois   .          Reflect  .   (no amulet)
rElec   .          Harm     .   (no ring)
rCorr   .          Rampage  .   (no ring)
Will    .....                   (no ring)
Stlth   ++++......              (no ring)
HPRegen 0.03/turn               (no ring)
MPRegen 0.08/turn               (no ring)
                                (no ring)
                                (no ring)

@: no status effects
A: almost no armour, amphibious, 8 rings, camouflage 1, gelatinous body 1,
nimble swimmer 1, tentacles
a: no special abilities


You were on level 1 of the Dungeon.
You visited 1 branch of the dungeon, and saw 1 of its levels.

Inventory:

Scrolls
 b - a scroll of magic mapping {unknown}
Potions
 a - a potion of magic


   Skills:
 + Level 2.0 Dodging
 + Level 2.8 Stealth
 + Level 2.0 Spellcasting
 + Level 1.0 Conjurations
 + Level 3.0 Fire Magic


You had 3 spell levels left.
You knew the following spells:

 Your Spells              Type           Power      Damage    Failure   Level
a - Foxfire               Conj/Fire      32%        2x1d5     9%          1

Your spell library contained the following spells:

 Spells                   Type           Power      Damage    Failure   Level
 Scorch                   Fire           24%        2d6       9%          2
 Conjure Flame            Conj/Fire      8%         6-21      26%         3
 Inner Flame              Hex/Fire       6%         N/A       30%         3
 Flame Wave               Conj/Fire      8%         2d5       63%         4


Dungeon Overview and Level Annotations

Branches:
Dungeon (1/15)

Altars:


Innate Abilities, Weirdness & Mutations

You cannot wear most types of armour.
You are amphibious.
You can wear up to eight rings at the same time.
Your skin changes colour to match your surroundings (Stealth+).
Your rubbery body absorbs attacks. (AC +1, EV +1)
You are camouflaged when in or above water. (Stealth+)
You have tentacles for arms and can constrict up to eight enemies at once.


Message History

The endoplasm hits the plant.
A nearby plant withers and dies.
The hobgoblin splashes around in the water.
A nearby plant withers and dies.
The endoplasm freezes you.
You are frozen.
The endoplasm hits you but does no damage.
Casting: Foxfire (safe; 9% risk of failure)
Confirm with . or Enter, or press ? or * to list all spells.
You conjure some foxfire!
The endoplasm closely misses you.
The foxfire hits the hobgoblin.
The hobgoblin is severely wounded.
The foxfire hits the endoplasm.
The endoplasm is moderately wounded.
The endoplasm closely misses you. The endoplasm hits you.
The endoplasm hits you but does no damage.
The endoplasm hits you but does no damage.
The endoplasm barely misses you. The endoplasm freezes you.
You are frozen.
The endoplasm hits you. The endoplasm freezes you.
You are frozen.
Casting: Foxfire (safe; 9% risk of failure)
Confirm with . or Enter, or press ? or * to list all spells.
You conjure some foxfire!
The endoplasm freezes you.
You are frozen.
* * * LOW HITPOINT WARNING * * *
Sorry, you're not good enough to have a special ability.
You tentacle-slap the endoplasm.
The endoplasm is heavily wounded.
The foxfire hits the kobold.
You kill the kobold!
You hear a splash. x2
The foxfire hits the hobgoblin.
The hobgoblin is almost dead.
The endoplasm hits you.
You die...

##### ..r# ##@≈≈##
...# ##≈≈J≈≈## ..).#
##≈≈§g~~~## ....#
#≈~..8.P~~#.....#
.#####≈~.....≈~#r..$..
.....8~.......~8......
.###.+.P8.<.8..'......
##8~.......~8......
##≈~...[.~~#......


You could see an endoplasm and a hobgoblin.

Vanquished Creatures
  A ball python (D:1)
  A quokka (D:1)
  A kobold (D:1)
3 creatures vanquished.

Vanquished Creatures (others)
  8 foxfires (D:1)
  3 plants (D:1)
11 creatures vanquished.

Grand Total: 14 creatures vanquished

Notes
Turn   | Place    | Note
-------+----------+-------------------------------------------
     0 | D:1      | croobank the Octopode Fire Elementalist began the quest for
                  | the Orb.
     0 | D:1      | Reached XP level 1. HP: 11/11 MP: 3/3
    40 | D:1      | Slain by an endoplasm

Illustrated notes

Levels and vault maps discovered:
D:1:      lightli_arrival_statuegarden, layout_basic

Action                   || total
-------------------------++-------
Melee: Unarmed           ||     2
       Constrict         ||     1
 Cast: Foxfire           ||     4
Armor: Skin              ||     3
Dodge: Dodged            ||     4
